 Dungeon Crawl Stone Soup version bcrawl-1.12.1 (webtiles) character file.

Game seed: 10732986030357471567

1491 Morbidden the Ducker (level 8, 0/61 HPs)
             Began as a Demonspawn Archaeologist on July 12, 2019.
             Slain by a scorpion (4 damage)
             ... on level 5 of the Dungeon.
             The game lasted 00:21:47 (8705 turns).

Morbidden the Ducker (Demonspawn Archaeologist)     Turns: 8705, Time: 00:21:47

Health: 0/61       AC: 19    Str: 15    XL:     8   Next: 51%
Magic:  8/8        EV:  8    Int: 15    God:
Gold:   467        SH:  0    Dex: 13    Spells: 7/7 levels left

rFire    . . .     SeeInvis .   a - +0 rapier
rCold    . . .     Gourm    .   (no shield)
rNeg     . . .     Faith    .   s - +0 chain mail
rPois    +         Spirit   .   i - +0 helmet
rElec    +         Reflect  .   h - +0 cloak
rCorr    .         Harm     .   (no gloves)
MR       .....                  d - +1 pair of boots
Stlth    +.........             (no amulet)
HPRegen  0.00/turn              k - +4 ring of protection
MPRegen  0.11/turn              (no ring)

@: lethally poisoned (0 -> -7), studying Dodging, drained
A: talons 2, yellow scales 2, mutation resistance 1, nightstalker 2, poison
resistance, powered by pain 1, electricity resistance, inhibited regeneration,
strong 1
a: no special abilities


You were on level 5 of the Dungeon.
You were not hungry.

You visited 2 branches of the dungeon, and saw 7 of its levels.
You also visited: Sewer.

You collected 467 gold pieces.

Inventory:

Hand Weapons
 a - a +0 rapier (weapon)
 b - a +0 hand crossbow
 w - a +0 dagger
Missiles
 C - 299 bolts
Armour
 d - a +1 pair of boots (worn)
 h - a +0 cloak (worn)
 i - a +0 helmet (worn)
 s - a +0 chain mail (worn)
Jewellery
 k - a +4 ring of protection (left hand)
 l - an uncursed ring of fire
 n - an uncursed ring of fire
Wands
 u - a wand of polymorph (4)
 x - a wand of flame (6)
Scrolls
 o - 2 scrolls of fear
 p - a scroll of fog
 q - a scroll of identify
 v - 5 scrolls of remove curse
 y - 5 scrolls of magic mapping
 A - 3 scrolls of amnesia
 D - a scroll of immolation {unknown}
 E - 4 scrolls of teleportation
 F - a scroll of blinking {unknown}
Potions
 c - a potion of haste
 j - 2 potions of heal wounds
 m - a potion of might
 r - a potion of brilliance
 t - a potion of cancellation
 z - 4 potions of curing
 B - a potion of agility
Books
 e - a manual of Dodging
Miscellaneous
 f - an ancient crate
Comestibles
 g - 9 rations {!d}


   Skills:
 * Level 4.4(3.2) Fighting
 + Level 5.9(4.7) Short Blades
   Level 0.8(0.0) Maces & Flails
 + Level 2.9(1.8) Armour
 * Level 6.9(5.7) Dodging
 - Level 4.3(3.2) Stealth
 + Level 0.1(0.0) Evocations


You had 7 spell levels left.
You didn't know any spells.
Your spell library contained the following spells:

 Spells                   Type           Power        Failure   Level  Hunger
 Magic Dart               Conj           #...         99%         1    ##.....
 Searing Ray              Conj           #.....       100%        2    ###....
 Iskenderun's Mystic Bla  Conj           #.......     100%        3    ####...
 Fulminant Prism          Conj/Hex       #.........   100%        4    #####..
 Irradiate                Conj/Tmut      #.........   100%        5    ######.


Dungeon Overview and Level Annotations

Branches:
Dungeon (6/12)             Temple (1/1) D:5

Altars:
Ashenzari
Cheibriados
Elyvilon
Gozag
Hepliaklqana
Kikubaaqudgha
Lugonu
Makhleb
Nemelex Xobeh
Okawaru
Qazlal
Ru
Sif Muna
Trog
Vehumet
Wu Jian
Yredelemnul
Zin
The Shining One

Annotations:
D:4 1 runed door


Innate Abilities, Weirdness & Mutations

You have razor-sharp toenails.
You are mostly covered in yellow scales. (AC +3)
You are significantly more attuned to the shadows.
You sometimes gain a little power by taking damage.
You are somewhat resistant to further mutation.
Your system is resistant to poisons. (rPois)
You are resistant to electric shocks. (rElec)
You do not regenerate when monsters are visible.
Your muscles are strong. (Str +2)


Message History

Unknown command.
The centaur shoots an arrow.
The arrow hits you but does no damage.
There is a stone staircase leading up here.
The scorpion stings you but does no damage.
You climb upwards.
There is a stone staircase leading down here.
Unknown command.
Unknown command.
Unknown command.
Unknown command.
You are too injured to fight recklessly!
Unknown command.
You hit the scorpion but do no damage. The scorpion stings you.
* * * LOW HITPOINT WARNING * * *
You are lethally poisoned!
The scorpion poisons you!
You closely miss the scorpion.
* * * LOW HITPOINT WARNING * * *
You feel sick. The scorpion stings you.
You die...

##.#............#
##.#......##.##.##
..........##.....#
(#.#......#####..#
.#.#.............#
...#############.#
.### #.# .# #.# .#
#@# ## #s# ### #.#
..##############.#
#.....[>>........#
##################
## .# .#


You could see a scorpion.

Vanquished Creatures
  A sky beast (D:4)
  An ice beast (D:5)
  2 phantoms
  A crocodile (D:5)
  A big kobold (Sewer)
  2 scorpions (D:4)
  A wight (D:6)
  A crimson imp (D:4)
  2 jellies (D:5)
  A bullfrog skeleton (D:5)
  3 hounds
  3 orc priests
  An orc wizard (D:6)
  2 iguanas
  2 worker ants
  A hound skeleton (D:4)
  A howler monkey zombie (D:5)
  A worker ant zombie (D:3)
  A howler monkey skeleton (D:5)
  15 adders
  5 river rats (Sewer)
  2 shadow imps
  An adder zombie (D:5)
  3 worms
  4 dart slugs
  3 leopard geckos
  18 orcs
  10 bats
  4 giant cockroaches
  10 hobgoblins
  5 jackals
  6 quokkas
  5 ball pythons (Sewer)
  7 frilled lizards
  7 goblins
  A jackal skeleton (D:5)
  20 kobolds
  25 rats
179 creatures vanquished.

Notes
Turn   | Place    | Note
-------+----------+-------------------------------------------
     0 | D:1      | Morbidden the Demonspawn Archaeologist began the quest for
                  | the Orb.
     0 | D:1      | Reached XP level 1. HP: 15/15 MP: 1/1
   148 | D:1      | Gained mutation: You are partially covered in yellow
                  | scales. (AC +2) [demonic ancestry]
   148 | D:1      | Reached XP level 2. HP: 12/21 MP: 2/2
   258 | D:1      | Reached skill level 3 in Dodging
   967 | D:1      | Gained mutation: You are slightly more attuned to the
                  | shadows. [demonic ancestry]
   967 | D:1      | Reached XP level 3. HP: 10/26 MP: 3/3
  1414 | D:2      | Found a sparkling altar of Nemelex Xobeh.
  1653 | D:2      | Found a faded altar of an unknown god.
  1729 | D:2      | Reached skill level 4 in Dodging
  1729 | D:2      | Gained mutation: You sometimes gain a little power by
                  | taking damage. [demonic ancestry]
  1729 | D:2      | Reached XP level 4. HP: 20/32 MP: 4/4
  2384 | D:3      | Found a hazy altar of Hepliaklqana.
  2514 | D:3      | Gained mutation: You tend to lose your temper in combat.
                  | [potion of mutation]
  2514 | D:3      | Gained mutation: You are resistant to electric shocks.
                  | (rElec) [potion of mutation]
  2514 | D:3      | Gained mutation: You do not regenerate when monsters are
                  | visible. [potion of mutation]
  2514 | D:3      | Gained mutation: You are somewhat resistant to further
                  | mutation. [potion of mutation]
  2533 | D:3      | Gained mutation: You have sharp toenails. [demonic
                  | ancestry]
  2533 | D:3      | Reached XP level 5. HP: 12/37 MP: 5/5
  2875 | D:3      | Reached skill level 1 in Short Blades
  3293 | D:3      | Reached skill level 1 in Armour
  3331 | D:3      | Lost mutation: You are somewhat resistant to further
                  | mutation. [potion of mutation]
  3331 | D:3      | Lost mutation: You tend to lose your temper in combat.
                  | [potion of mutation]
  3331 | D:3      | Gained mutation: Your muscles are strong. (Str +2) [potion
                  | of mutation]
  3331 | D:3      | Gained mutation: Your system is resistant to poisons.
                  | (rPois) [potion of mutation]
  3331 | D:3      | Gained mutation: You are somewhat resistant to further
                  | mutation. [potion of mutation]
  3390 | D:3      | Found a basalt altar of Yredelemnul.
  3847 | D:4      | Found a white marble altar of Elyvilon.
  3848 | D:4      | Noticed an angel
  3852 | D:4      | Found a runed door.
  3885 | D:4      | Gained mutation: You are significantly more attuned to the
                  | shadows. [demonic ancestry]
  3885 | D:4      | Reached XP level 6. HP: 24/44 MP: 6/6
  4148 | D:4      | Reached skill level 5 in Dodging
  4764 | D:4      | Gained mutation: You have razor-sharp toenails. [demonic
                  | ancestry]
  4764 | D:4      | Reached XP level 7. HP: 34/50 MP: 7/7
  5288 | D:5      | Entered Level 5 of the Dungeon
  5364 | D:5      | Found a shattered altar of Ashenzari.
  5376 | D:5      | Found Ytta's Antique Armour Shop.
  5407 | D:5      | Found a glowing drain.
  5424 | D:5      | Noticed a basilisk
  5424 | D:5      | an orc priest changed into a basilisk
  5508 | D:5      | Found a staircase to the Ecumenical Temple.
  5520 | Temple   | Entered the Ecumenical Temple
  5594 | Sewer    | Entered a sewer
  6111 | Sewer    | Reached skill level 6 in Dodging
  7217 | D:5      | Reached skill level 5 in Short Blades
  7477 | D:5      | a basilisk changed into a crocodile
  7501 | D:5      | Gained mutation: You are mostly covered in yellow scales.
                  | (AC +3) [demonic ancestry]
  7501 | D:5      | Reached XP level 8. HP: 19/58 MP: 8/8
  7523 | D:5      | Found a stormy altar of Qazlal.
  8705 | D:5      | Slain by a scorpion

Skill      XL: |  1  2  3  4  5  6  7  8 |
---------------+-------------------------+-----
Dodging        | 3 4 5 6 |  6.9
Stealth        | 4 |  4.3
Short Blades   | 2 3 5 |  5.9
Armour         | 1 2 |  2.9
Fighting       | 2 3 4 |  4.4
Maces & Flails | |  0.8
Evocations     | |  0.1

Action                   |  1- 3 |  4- 6 |  7- 9 || total
-------------------------+-------+-------+-------++-------
Melee: Spear             |   251 |    26 |       ||   277
       Whip              |    17 |       |       ||    17
       Rapier            |       |   305 |   519 ||   824
 Fire: Hand crossbow     |       |       |     4 ||     4
Evoke: Wand              |       |       |     5 ||     5
  Use: Potion            |     2 |     4 |     5 ||    11
       Scroll            |       |     4 |    12 ||    16
 Stab: Sleeping          |    12 |     7 |     6 ||    25
  Eat: Chunk             |     3 |    10 |     7 ||    20
       Ration            |       |       |     2 ||     2
Armor: Robe              |    34 |       |       ||    34
       Scale mail        |    95 |   167 |   187 ||   449
       Skin              |    37 |       |    69 ||   106
       Chain mail        |       |       |    81 ||    81
Dodge: Dodged            |   161 |   185 |   325 ||   671
